 Dungeon Crawl Stone Soup version 0.28.0-47-ge53b351184 (webtiles) character file.

Game seed: 304597369069158643

8 klau3 the Grave Robber (level 2, 0/19 HPs)
             Began as a Demonspawn Necromancer on May 6, 2022.
             Frozen to death by an endoplasm (4 damage)
             ... on level 1 of the Dungeon.
             The game lasted 00:01:36 (262 turns).

klau3 the Grave Robber (Demonspawn Necromancer)      Turns: 262, Time: 00:01:37

Health: 0/19       AC:  2    Str:  8    XL:     2   Next: 0%
Magic:  0/5        EV: 12    Int: 16    God:
Gold:   20         SH:  0    Dex: 13    Spells: 4/5 levels left

rFire   . . .      SeeInvis .   (no weapon)
rCold   . . .      Faith    .   (no shield)
rNeg    . . .      Spirit   .   a - +0 robe
rPois   .          Reflect  .   (helmet restricted)
rElec   .          Harm     .   (no cloak)
rCorr   .          Rampage  .   (no gloves)
Will    .....                   (no boots)
Stlth   ++........              (no amulet)
HPRegen 0.06/turn               (no ring)
MPRegen 0.09/turn               (no ring)

@: no status effects
A: antennae 1
a: no special abilities


You were on level 1 of the Dungeon.
You visited 1 branch of the dungeon, and saw 1 of its levels.

You collected 20 gold pieces.

Inventory:

Armour
 a - a +0 robe (worn)
 b - a +0 ring mail
Scrolls
 c - a scroll of teleportation {unknown}


   Skills:
 + Level 1.8 Dodging
 + Level 1.8 Stealth
 + Level 2.1 Spellcasting
 + Level 4.8 Necromancy


You had 4 spell levels left.
You knew the following spells:

 Your Spells              Type           Power      Damage    Failure   Level
a - Pain                  Necr           68%        1d7       3%          1

Your spell library contained the following spells:

 Spells                   Type           Power      Damage    Failure   Level
 Animate Skeleton         Necr           34%        N/A       3%          1
 Vampiric Draining        Necr           17%        2d7       9%          3
 Animate Dead             Necr           8%         N/A       28%         4
 Agony                    Necr           17%        N/A       63%         5


Dungeon Overview and Level Annotations

Branches:
Dungeon (1/15)

Altars:


Innate Abilities, Weirdness & Mutations

You have a pair of small antennae on your head.


Message History

You closely miss the hobgoblin. Your punch misses the hobgoblin.
The hobgoblin is almost dead.
The hobgoblin barely misses you.
You hit the hobgoblin but do no damage.
The hobgoblin is almost dead.
The hobgoblin barely misses you.
You hit the hobgoblin but do no damage.
The hobgoblin is almost dead.
The hobgoblin closely misses you.
You barely miss the hobgoblin.
The hobgoblin is almost dead.
The hobgoblin hits you.
You closely miss the hobgoblin.
The hobgoblin is almost dead.
The endoplasm barely misses you. The hobgoblin closely misses you.
You hit the hobgoblin.
You kill the hobgoblin!
The endoplasm barely misses you.
You have reached level 2!
Your demonic ancestry asserts itself...
A pair of antennae grows on your head!
Aiming: Pain (safe; 3% risk of failure)
Press: ? - help, Q - select action Shift-Dir - straight line, f - endoplasm
Aim: an endoplasm (chance to affect: 87%)
The endoplasm writhes in agony.
The endoplasm barely misses you.
You hit the endoplasm.
The endoplasm is heavily wounded.
The endoplasm freezes you.
You are frozen.
You hit the endoplasm but do no damage.
The endoplasm is heavily wounded.
The endoplasm freezes you.
You are frozen.
* * * LOW HITPOINT WARNING * * *
You hit the endoplasm but do no damage.
The endoplasm is heavily wounded.
The endoplasm freezes you.
You are frozen.
You die...

#.......'....###
#.......###....######
#.......# #..........
###...### #....######
#...# #....# .. #...#
#....##.#
#...#####.......#
#.............#....
........@..+ ...
.......J†..# ..
............# .
.............#
....$.........#
...............#
............##.!
............# ..


You could see an endoplasm.

Vanquished Creatures
  A goblin (D:1)
  3 hobgoblins (D:1)
  A bat (D:1)
  A frilled lizard (D:1)
  2 kobolds (D:1)
8 creatures vanquished.

Notes
Turn   | Place    | Note
-------+----------+-------------------------------------------
     0 | D:1      | klau3 the Demonspawn Necromancer began the quest for the
                  | Orb.
     0 | D:1      | Reached XP level 1. HP: 13/13 MP: 3/3
   259 | D:1      | Gained mutation: You have a pair of small antennae on your
                  | head. [demonic ancestry]
   259 | D:1      | Reached XP level 2. HP: 10/19 MP: 1/5
   262 | D:1      | Frozen to death by an endoplasm

Illustrated notes

Levels and vault maps discovered:
D:1:      evilmike_arrival_plus, layout_basic, minivault_26,
          minmay_misc_feat_ornament, minmay_door_square

Action                   || total
-------------------------++-------
Melee: Unarmed           ||     9
 Cast: Pain              ||    11
Dodge: Dodged            ||     9
